PIO (24 & UNDER)
CHULA VISTA TACOS @ JASPER COUGARS
08/03/2026
 
TOP OF THE 1ST
Chula Vista Tacos batting - Pitching for Jasper Cougars : LHP Javier Galeas
Pitching: LHP Javier Galeas
Batting: RHB Gustavo Torres 0-0: Ball
1-0: Ball
2-0: Fly out, F6 (Popup, 56)
Batting: LHB Jaime Icaza 0-0: Ball
1-0: Foul Ball, location: 2F
1-1: SINGLE (Groundball, 34S) (infield hit)
Batting: RHB Johnny Williams 0-0: Ball
Jaime Icaza is caught stealing 2nd base
1-0: Ground out 5-3 (Groundball, 5S)
Top of the 1st over - 0 run(s), 1 hit(s), 0 error(s), 0 left on base; Chula Vista 0 - Jasper 0
BOTTOM OF THE 1ST
Jasper Cougars batting - Pitching for Chula Vista Tacos : RHP Jesús De Los Santos
Pitching: RHP Jesús De Los Santos
Batting: SHB Carlos Córdova 0-0: Called Strike
0-1: Ball
1-1: Called Strike
1-2: Ball
2-2: Foul Ball, location: 2F
2-2: Ball
3-2: Ground out 4-3 (Groundball, 34)
Batting: LHB António Camacho 0-0: Ball
1-0: Foul Ball, location: 2F
1-1: Swinging Strike
1-2: Strikes out swinging
Batting: RHB David Hernández 0-0: Ball
1-0: SINGLE (Line Drive, 6M)
Batting: SHB Ron Edwards 0-0: Ground out 4-3 (Groundball, 4)
Bottom of the 1st over - 0 run(s), 1 hit(s), 0 error(s), 1 left on base; Chula Vista 0 - Jasper 0
TOP OF THE 2ND
Chula Vista Tacos batting - Pitching for Jasper Cougars : LHP Javier Galeas
Batting: RHB Joel Carlson 0-0: Foul Ball, location: 2F
0-1: Ball
1-1: Ball
2-1: Called Strike
2-2: Strikes out looking
Batting: SHB Walt Rodgers 0-0: Ball
1-0: TRIPLE (Flyball, 89D)
Batting: LHB Joe Baker 0-0: Foul Ball, location: 2F
0-1: Swinging Strike
0-2: Ball
1-2: Ball
2-2: Ball
3-2: SINGLE (Line Drive, 4)
Walt Rodgers scores
Batting: RHB Nate Atkinson 0-0: Ball
1-0: Ball
2-0: Ball
3-0: Called Strike
3-1: Base on Balls
Joe Baker to second
Batting: RHB Ron Garrett 0-0: Called Strike
0-1: Swinging Strike
0-2: Foul Ball, location: 2F
0-2: Ball
1-2: Ball
2-2: SINGLE (Line Drive, 56D)
Joe Baker to third
Nate Atkinson to second
Runner from 3rd tries for Home, SAFE, throw made at trailing runner, OUT at third!
Batting: LHB Michael Myers 0-0: Called Strike
0-1: Foul Ball, location: 2F
0-2: Strikes out swinging
Top of the 2nd over - 2 run(s), 3 hit(s), 0 error(s), 1 left on base; Chula Vista 2 - Jasper 0
BOTTOM OF THE 2ND
Jasper Cougars batting - Pitching for Chula Vista Tacos : RHP Jesús De Los Santos
Batting: RHB George Reeves 0-0: Ball
1-0: Called Strike
1-1: Called Strike
1-2: Strikes out looking
Batting: LHB Kyle Harrison 0-0: Swinging Strike
0-1: Bunt missed!
0-2: Strikes out swinging
Batting: SHB Rafael Acosta 0-0: Called Strike
0-1: Foul Ball, location: 2F
0-2: Foul Ball, location: 2F
0-2: Ball
1-2: Strikes out swinging
Bottom of the 2nd over - 0 run(s), 0 hit(s), 0 error(s), 0 left on base; Chula Vista 2 - Jasper 0
TOP OF THE 3RD
Chula Vista Tacos batting - Pitching for Jasper Cougars : LHP Javier Galeas
Batting: RHB Gustavo Torres 0-0: Ball
1-0: Called Strike
1-1: Ball
2-1: Swinging Strike
2-2: Ball
3-2: SINGLE (Groundball, 6MD) (infield hit)
Batting: LHB Jaime Icaza 0-0: Swinging Strike
0-1: Swinging Strike
0-2: Strikes out swinging
Batting: RHB Johnny Williams 0-0: Ball
1-0: Called Strike
Gustavo Torres steals 2nd base
1-1: Foul Ball, location: 2F
1-2: Fly out, F7 (Line Drive, 7S)
Batting: RHB Joel Carlson 0-0: Ground out 6-3 (Groundball, 6)
Top of the 3rd over - 0 run(s), 1 hit(s), 0 error(s), 1 left on base; Chula Vista 2 - Jasper 0
BOTTOM OF THE 3RD
Jasper Cougars batting - Pitching for Chula Vista Tacos : RHP Jesús De Los Santos
Batting: RHB Joe Baker 0-0: Ball
1-0: Fly out, F8 (Flyball, 8RM)
Batting: LHB John Stone 0-0: Ball
1-0: Ball
2-0: Swinging Strike
2-1: Called Strike
2-2: Foul Ball, location: 2F
2-2: Strikes out looking
Batting: SHB Carlos Córdova 0-0: Called Strike
0-1: Ball
1-1: Ball
2-1: Swinging Strike
2-2: Foul Ball, location: 2F
2-2: Ball
3-2: Foul Ball, location: 2F
3-2: Base on Balls
Batting: LHB António Camacho 0-0: Called Strike
Carlos Córdova steals 2nd base
0-1: SINGLE (Groundball, 34D)
Carlos Córdova to third
Runner from 3rd tries for Home, throw and OUT!
Bottom of the 3rd over - 0 run(s), 1 hit(s), 0 error(s), 1 left on base; Chula Vista 2 - Jasper 0
TOP OF THE 4TH
Chula Vista Tacos batting - Pitching for Jasper Cougars : LHP Alfredo Maestas
Pitching: LHP Alfredo Maestas
Batting: SHB Walt Rodgers 0-0: Ball
1-0: Foul Ball, location: 2F
1-1: SINGLE (Line Drive, 6D)
Batting: LHB Joe Baker 0-0: Ball
1-0: Called Strike
1-1: Ball
2-1: Ball
3-1: SINGLE (Groundball, 3D)
Walt Rodgers to second
Runner from 2nd tries for 3rd, SAFE, throw made to third
Joe Baker to second
Batting: RHB Nate Atkinson 0-0: Ball
1-0: Ball
2-0: Ball
3-0: Called Strike
3-1: Called Strike
3-2: Strikes out swinging
Batting: RHB Ron Garrett 0-0: Ball
1-0: Ball
2-0: Ball
3-0: SINGLE (Flyball, 8RS)
Walt Rodgers scores
Joe Baker to third
Runner from 3rd tries for Home, SAFE, no throw or cutoff
Batting: LHB Michael Myers 0-0: Called Strike
0-1: Ball
1-1: Ball
2-1: Ball
3-1: SINGLE (Line Drive, 7S)
Ron Garrett to second
Pitching: RHP António Peña
Batting: RHB Gustavo Torres 0-0: Fly out, F7 (Flyball, 78D)
Batting: LHB Jaime Icaza 0-0: SINGLE (Groundball, 34S) (infield hit)
Ron Garrett to third
Michael Myers to second
Batting: RHB Johnny Williams 0-0: Ball
1-0: Called Strike
1-1: Called Strike
1-2: Strikes out swinging
Top of the 4th over - 2 run(s), 5 hit(s), 0 error(s), 3 left on base; Chula Vista 4 - Jasper 0
BOTTOM OF THE 4TH
Jasper Cougars batting - Pitching for Chula Vista Tacos : RHP Jesús De Los Santos
Batting: RHB David Hernández 0-0: Foul Ball, location: 2F
0-1: Swinging Strike
0-2: Ball
1-2: Ball
2-2: Fly out, F5 (Line Drive, 5)
Batting: SHB Ron Edwards 0-0: Ball
1-0: Called Strike
1-1: Ball
2-1: Ball
3-1: Base on Balls
Batting: RHB George Reeves 0-0: Ball
1-0: Ball
2-0: Ball
3-0: Grounds into double play, 6-4-3 (Groundball, 6)
Bottom of the 4th over - 0 run(s), 0 hit(s), 0 error(s), 0 left on base; Chula Vista 4 - Jasper 0
TOP OF THE 5TH
Chula Vista Tacos batting - Pitching for Jasper Cougars : RHP António Peña
Batting: RHB Joel Carlson 0-0: Foul Ball, location: 2F
0-1: Foul Ball, location: 2F
0-2: Strikes out swinging
Batting: SHB Walt Rodgers 0-0: Ball
1-0: Ball
2-0: SINGLE (Line Drive, 3D)
Batting: LHB Joe Baker 0-0: Called Strike
Walt Rodgers steals 2nd base
0-1: Called Strike
0-2: Strikes out swinging
Batting: RHB Nate Atkinson 0-0: Called Strike
0-1: Ball
1-1: Ground out 5-3 (Groundball, 56S)
Top of the 5th over - 0 run(s), 1 hit(s), 0 error(s), 1 left on base; Chula Vista 4 - Jasper 0
BOTTOM OF THE 5TH
Jasper Cougars batting - Pitching for Chula Vista Tacos : RHP Jesús De Los Santos
Batting: LHB Kyle Harrison 0-0: Called Strike
0-1: Ball
1-1: Called Strike
1-2: Ball
2-2: Fly out, F8 (Flyball, 8RXD)
Batting: SHB Rafael Acosta 0-0: Ball
1-0: Called Strike
1-1: Foul Ball, location: 2F
1-2: Ball
2-2: Strikes out swinging
Batting: RHB Joe Baker 0-0: Ball
1-0: Swinging Strike
1-1: Ball
2-1: Ball
3-1: Fly out, F6 (Line Drive, 6M)
Bottom of the 5th over - 0 run(s), 0 hit(s), 0 error(s), 0 left on base; Chula Vista 4 - Jasper 0
TOP OF THE 6TH
Chula Vista Tacos batting - Pitching for Jasper Cougars : RHP António Peña
Batting: RHB Ron Garrett 0-0: SINGLE (Flyball, 9S)
Batting: LHB Michael Myers 0-0: Ball
1-0: Ball
2-0: Ball
3-0: Called Strike
3-1: Ground out 3-1 (Groundball, 34)
Ron Garrett to second
Batting: RHB Gustavo Torres 0-0: Foul Ball, location: 2F
0-1: Ball
1-1: Foul Ball, location: 2F
1-2: Ball
2-2: Foul Ball, location: 2F
2-2: SINGLE (Line Drive, 6D)
Ron Garrett to third
Batting: LHB Jaime Icaza 0-0: Ball
1-0: Ball
2-0: Swinging Strike
2-1: Ball
3-1: Called Strike
3-2: Strikes out swinging
Batting: RHB Johnny Williams 0-0: Ground out 5-3 (Groundball, 5L)
Top of the 6th over - 0 run(s), 2 hit(s), 0 error(s), 2 left on base; Chula Vista 4 - Jasper 0
BOTTOM OF THE 6TH
Jasper Cougars batting - Pitching for Chula Vista Tacos : RHP Jesús De Los Santos
Batting: LHB John Stone 0-0: Ball
1-0: Fly out, F8 (Flyball, 8LM)
Batting: SHB Carlos Córdova 0-0: Ball
1-0: Ball
2-0: Ball
3-0: Called Strike
3-1: Foul Ball, location: 2F
3-2: Base on Balls
Batting: LHB António Camacho 0-0: Called Strike
0-1: Ball
1-1: Ball
2-1: Ball
3-1: Fielders Choice at 2nd, 5-4 (Groundball, 5)
Pitching: LHP Alejandro Flores
Batting: RHB David Hernández 0-0: Called Strike
0-1: Ball
1-1: SINGLE (Groundball, 56)
António Camacho to second
Batting: SHB Ron Edwards 0-0: Foul Ball, location: 2F
0-1: Ball
1-1: Foul Ball, location: 2F
1-2: Ball
2-2: Foul Ball, location: 2F
2-2: Foul Ball, location: 2F
2-2: Ball
3-2: Strikes out swinging
Bottom of the 6th over - 0 run(s), 1 hit(s), 0 error(s), 2 left on base; Chula Vista 4 - Jasper 0
TOP OF THE 7TH
Chula Vista Tacos batting - Pitching for Jasper Cougars : RHP António Peña
Batting: RHB Joel Carlson 0-0: Ball
1-0: Fly out, F6 (Line Drive, 6M)
Batting: SHB Walt Rodgers 0-0: Swinging Strike
0-1: Ball
1-1: Foul Ball, location: 2F
1-2: Foul Ball, location: 2F
1-2: Ball
2-2: SINGLE (Line Drive, 7S)
Batting: LHB Joe Baker 0-0: Ball
1-0: Called Strike
Walt Rodgers is caught stealing 2nd base
1-1: Swinging Strike
1-2: Ball
2-2: Foul Ball, location: 2F
2-2: SINGLE (Groundball, 5S) (infield hit)
Batting: RHB Nate Atkinson 0-0: Ball
1-0: Ball
2-0: Ball
3-0: Base on Balls
Joe Baker to second
Batting: RHB Ron Garrett 0-0: Ball
1-0: Ball
2-0: Ball
Wild Pitch!
Joe Baker to third
Nate Atkinson to second
3-0: Base on Balls
Batting: LHB Michael Myers 0-0: Ball
1-0: Ball
2-0: Foul Ball, location: 2F
2-1: Foul Ball, location: 2F
2-2: Foul Ball, location: 2F
2-2: Foul Ball, location: 2F
2-2: Ball
3-2: SINGLE (Groundball, 4M)
Joe Baker scores
Nate Atkinson to third
Ron Garrett to second
Nate Atkinson scores
Ron Garrett to third
Pitching: RHP Andrés Ruíz
Batting: RHB Gustavo Torres 0-0: Ball
1-0: Called Strike
1-1: Called Strike
1-2: Foul Ball, location: 2F
1-2: Ball
Michael Myers steals 2nd base
2-2: Fly out, F9 (Flyball, 9M)
Top of the 7th over - 2 run(s), 3 hit(s), 0 error(s), 2 left on base; Chula Vista 6 - Jasper 0
BOTTOM OF THE 7TH
Jasper Cougars batting - Pitching for Chula Vista Tacos : LHP Alejandro Flores
Batting: RHB George Reeves 0-0: Foul Ball, location: 2F
0-1: Ball
1-1: Ball
2-1: Ball
3-1: Swinging Strike
3-2: Foul Ball, location: 2F
3-2: Base on Balls
Batting: LHB Kyle Harrison 0-0: Ball
George Reeves steals 2nd base
1-0: Ball
2-0: Ball
3-0: Called Strike
3-1: Called Strike
3-2: SINGLE (Line Drive, 34D)
George Reeves to third
Runner from 3rd tries for Home, SAFE, no throw or cutoff
Batting: SHB Rafael Acosta 0-0: Ball
1-0: Ball
2-0: Fly out, F9 (Flyball, 9D)
Batting: RHB Joe Baker 0-0: SINGLE (Line Drive, 6MD)
Kyle Harrison to second
Batting: LHB John Stone 0-0: Called Strike
0-1: Foul Ball, location: 2F
0-2: Ball
1-2: Foul Ball, location: 2F
1-2: TRIPLE (Line Drive, 9LM)
Kyle Harrison scores
Joe Baker scores
Pitching: RHP Alberto Reyes
Batting: SHB Carlos Córdova 0-0: Foul Ball, location: 2F
0-1: Ball
1-1: Swinging Strike
1-2: Ball
2-2: Strikes out swinging
Batting: LHB António Camacho 0-0: Foul Ball, location: 2F
0-1: Swinging Strike
0-2: Fly out, F5 (Popup, 5S)
Bottom of the 7th over - 3 run(s), 3 hit(s), 0 error(s), 1 left on base; Chula Vista 6 - Jasper 3
TOP OF THE 8TH
Chula Vista Tacos batting - Pitching for Jasper Cougars : RHP Andrés Ruíz
Batting: LHB Jaime Icaza 0-0: Ball
1-0: Foul Ball, location: 2F
1-1: Ball
2-1: Ground out 4-3 (Groundball, 4)
Now at 2B: Bob Cole
Batting: RHB Johnny Williams 0-0: Ball
1-0: Ball
2-0: Ball
3-0: Base on Balls
Batting: RHB Joel Carlson 0-0: DOUBLE (Line Drive, 5L)
Johnny Williams to third
Batting: SHB Walt Rodgers 0-0: Ball
1-0: Called Strike
1-1: Ball
2-1: Foul Ball, location: 2F
2-2: Ball
3-2: Strikes out looking
Batting: LHB Joe Baker 0-0: Swinging Strike
0-1: Ball
1-1: Ball
2-1: Swinging Strike
2-2: Ball
3-2: Strikes out looking
Top of the 8th over - 0 run(s), 1 hit(s), 0 error(s), 2 left on base; Chula Vista 6 - Jasper 3
BOTTOM OF THE 8TH
Jasper Cougars batting - Pitching for Chula Vista Tacos : RHP Alberto Reyes
Batting: RHB David Hernández 0-0: Ball
1-0: Fly out, F8 (Flyball, 8LM)
Batting: SHB Ron Edwards 0-0: Ground out 4-3 (Groundball, 4)
Batting: RHB Bob Cole 0-0: Ball
1-0: Called Strike
1-1: Ball
2-1: Ground out 1-3 (Groundball, 13S)
Bottom of the 8th over - 0 run(s), 0 hit(s), 0 error(s), 0 left on base; Chula Vista 6 - Jasper 3
TOP OF THE 9TH
Chula Vista Tacos batting - Pitching for Jasper Cougars : RHP Andrés Ruíz
Batting: RHB Nate Atkinson 0-0: Ball
1-0: Called Strike
1-1: Foul Ball, location: 2F
1-2: Fly out, F9 (Flyball, 89S)
Batting: RHB Ron Garrett 0-0: Called Strike
0-1: Ball
1-1: Swinging Strike
1-2: Strikes out swinging
Batting: LHB Michael Myers 0-0: Called Strike
0-1: Called Strike
0-2: Ball
1-2: Hit by Pitch
Batting: RHB Gustavo Torres 0-0: Called Strike
Michael Myers steals 2nd base
0-1: Ball
1-1: Swinging Strike
1-2: Strikes out swinging
Top of the 9th over - 0 run(s), 0 hit(s), 0 error(s), 1 left on base; Chula Vista 6 - Jasper 3
BOTTOM OF THE 9TH
Jasper Cougars batting - Pitching for Chula Vista Tacos : RHP Alberto Reyes
Pitching: LHP Brock Saunders
Batting: LHB Kyle Harrison 0-0: Called Strike
0-1: Ball
1-1: Ball
2-1: Ball
3-1: Base on Balls
Batting: SHB Rafael Acosta 0-0: DOUBLE (Flyball, 89XD)
Kyle Harrison to third
Runner from 3rd tries for Home, SAFE, no throw or cutoff
Batting: RHB Joe Baker 0-0: Swinging Strike
0-1: Ball
1-1: Foul Ball, location: 2F
1-2: Ball
2-2: Foul Ball, location: 2F
2-2: Strikes out swinging
Pinch Hitting: RHB Juan Carlos 0-0: Called Strike
0-1: Ball
1-1: Ball
2-1: SINGLE (Groundball, 4M)
Rafael Acosta to third
Runner from 3rd tries for Home, SAFE, throw made home
Juan Carlos to second
Batting: SHB Carlos Córdova 0-0: Ball
1-0: Ball
2-0: Ground out 5-3 (Groundball, 5L)
Batting: LHB António Camacho 0-0: Called Strike
0-1: Called Strike
0-2: Ball
1-2: Ball
2-2: Ball
3-2: Strikes out swinging
Bottom of the 9th over - 2 run(s), 2 hit(s), 0 error(s), 1 left on base; Chula Vista 6 - Jasper 5
Monday, December 5th, 2016 - OOTP Baseball 17.12 Build 75